 Dungeon Crawl Stone Soup version 0.31-a0-836-g3ceb0a68c4 (webtiles) character file.

Game seed: 4396693651917037949

1 croobank the Covert (level 1, -6/23 HPs)
             Began as a Gnoll Delver on Sept 26, 2023.
             Was an Initiate of Hepliaklqana.
             Killed by nerve-wracking pain
             ... invoked by Jessica
              (14 damage)
             ... on level 3 of the Dungeon.
             The game lasted 00:02:59 (102 turns).

croobank the Covert (Gnoll Delver)                   Turns: 102, Time: 00:03:00

Health: -6/23      AC:  3    Str: 11    XL:     1   Next: 20%
Magic:  1/1        EV: 13    Int:  9    God:    Hepliaklqana [......]
Gold:   0          SH:  0    Dex: 13    Spells: 0/0 levels left

rFire   . . .        a - +0 short sword
rCold   . . .        (no shield)
rNeg    . . .        b - +0 leather armour
rPois   .            (no helmet)
rElec   .            (no cloak)
rCorr   .            (no gloves)
SInv    .            (no boots)
Will    .....        (no amulet)
Stlth   ++++         (no ring)
HPRegen 0.23/turn    (no ring)
MPRegen 0.07/turn

%: no passive effects
@: no status effects
A: fangs 1, strong nose, distributed training
a: Renounce Religion


You were on level 3 of the Dungeon.
You worshipped Hepliaklqana.
Hepliaklqana was noncommittal.
You visited 1 branch of the dungeon, and saw 4 of its levels.

Inventory:

Hand Weapons
 a - a +0 short sword (weapon)
Armour
 b - a +0 leather armour (worn)
Wands
 g - a wand of digging (2)


   Skills:
 + Level 6.4 Fighting
 + Level 4.4 Short Blades
 + Level 0.0 Long Blades
 + Level 0.0 Axes
 + Level 0.0 Maces & Flails
 + Level 0.0 Polearms
 + Level 0.0 Staves
 + Level 0.0 Ranged Weapons
 + Level 0.0 Throwing
 + Level 0.0 Armour
 + Level 4.4 Dodging
 + Level 9.5 Stealth
 + Level 0.0 Shields
 + Level 0.0 Unarmed Combat
 + Level 0.0 Spellcasting
 + Level 0.0 Conjurations
 + Level 0.0 Hexes
 + Level 0.0 Summonings
 + Level 0.0 Necromancy
 + Level 0.0 Translocations
 + Level 0.0 Transmutations
 + Level 0.0 Fire Magic
 + Level 0.0 Ice Magic
 + Level 0.0 Air Magic
 + Level 0.0 Earth Magic
 + Level 0.0 Poison Magic
 + Level 0.0 Invocations
 + Level 0.0 Evocations
 + Level 0.0 Shapeshifting


You couldn't memorise any spells.
You didn't know any spells.
Your spell library contained the following spells:

 Spells                   Type           Power      Damage    Failure   Level
 Stone Arrow              Conj/Erth      0%         3d7       85%         3
 Animate Armour           Summ/Erth      0%         N/A       99%         4
 Lehudib's Crystal Spear  Conj/Erth      0%         10d2      100%        8


Dungeon Overview and Level Annotations

Branches:
Dungeon (6/15)             Temple (0/1) D:5

Altars:
Hepliaklqana

Annotations:
D:3 Jessica
D:4 Blork the orc


Innate Abilities, Weirdness & Mutations

You have very sharp teeth.
Your uncanny sense of smell can sniff out nearby items.
Your experience applies equally to all skills.


Message History

You closely miss the hound. The hound bites you but does no damage.
You hit the hound.
The hound is lightly wounded.
The hound barely misses you.
You barely miss the hound.
The hound is lightly wounded.
The hound closely misses you.
You barely miss the hound.
The hound is lightly wounded.
The hound bites you but does no damage.
You barely miss the hound.
The hound is lightly wounded.
Your extra speed is starting to run out.
You aren't carrying any scrolls.
Aiming: Dig
Press: ? - help, Shift-Dir - straight line A rock wall.
Okay, then.
Aiming: Dig
Press: ? - help, Shift-Dir - straight line A rock wall.
The rock shatters into small pieces.
The hound barely misses you. The hound attacks as it pursues you!
The hound bites you.
You feel yourself slow down. The hound bites you. The hound barely misses you.
The hound attacks as it pursues you! The hound closely misses you.
There is a stone staircase leading up here.
The hound bites you.
You climb upwards.
Jessica shouts!
The goblin shouts!
Found a runed rapier and a bubbling purple potion.
Found two stone staircases leading up.
There is a stone staircase leading down here.
The hound attacks as it pursues you! The hound bites you.
The hound bites you but does no damage. Jessica gestures at you while chanting.
Pain shoots through your body!
Ouch! That really hurt!
You die...

#### ...##
##...####
##....!<..
#)....#
###.@@.##
#....h..#
...........#
####...g...#
###....##
#....#
####.# .# ..


You could see a hound, Jessica and a goblin.

Vanquished Creatures
  A kobold (D:6)
1 creature vanquished.

Notes
Turn   | Place    | Note
-------+----------+-------------------------------------------
     0 | D:5      | Reached skill level 9 in Stealth
     0 | D:5      | croobank the Gnoll Delver began the quest for the Orb.
     0 | D:5      | Reached XP level 1. HP: 23/23 MP: 1/1
     2 | D:6      | Noticed a hound
     3 | D:6      | Noticed a scorpion
    14 | D:5      | Found a hazy altar of Hepliaklqana.
    21 | D:5      | Noticed a hound
    26 | D:5      | Became a worshipper of Hepliaklqana the Forgotten
    38 | D:6      | Noticed a kobold brigand
    77 | D:4      | Noticed a scorpion
    78 | D:4      | Noticed Blork the orc
    78 | D:4      | Noticed a scorpion
   101 | D:3      | Noticed Jessica
   102 | D:3      | Killed from afar by Jessica

Illustrated notes

Levels and vault maps discovered:
D:3:      kennysheep_big_flooded_room, layout_loops_ring, eino_curves_02,
          minmay_misc_feat_cross, uniq_grinder, uniq_jessica
D:4:      layout_cave_pools, gammafunk_ghost_arena, uniq_blork_the_orc
D:5:      layout_cave_pools, nicolae_hepliaklqana_hazy_memory,
          minmay_temple_entry_enclosed_plants, nicolae_half_adder
D:6:      layout_layer_cave, zin_statuary, nicolae_ashenzari_panopticon,
          uniq_crazy_yiuf_cottage

Skill      XL: | |
---------------+-+-----
Stealth        | |  9.5
Fighting       | |  6.4
Short Blades   | |  4.4
Dodging        | |  4.4

Action                     || total
---------------------------++-------
  Melee: Short sword       ||     8
         Bite              ||     1
  Evoke: Wand              ||     1
    Use: Scroll            ||     4
         Potion            ||     1
 Armour: Leather armour    ||    16
  Dodge: Dodged            ||    16

Table legend: (Time is in decaauts)
 A = Elapsed time spent in this place.
 B = Non-inter-level travel time spent in this place.
 C = Inter-level travel time spent in this place.
 D = Time resting spent in this place.
 E = Time spent auto-exploring this place.
 F = Levels seen in this place.
 G = Mean time per level.
                   A        B        C        D        E       F      G
               +--------+--------+--------+--------+--------+-----+--------+
         Total |     85 |     85 |      0 |      0 |      6 |   4 |   21.2 |
       Dungeon |     85 |     85 |      0 |      0 |      6 |   4 |   21.2 |
               +--------+--------+--------+--------+--------+-----+--------+

Top non-repeatable levels by time:
     D:5: 53 daAuts
     D:4: 16 daAuts
     D:6: 14 daAuts
     D:3: 0 daAuts
